 Dungeon Crawl Stone Soup version 0.27-a0-1565-gad902ab807 (webtiles) character file.

Game seed: 408550225139369944

45638 robertstho the Eclecticist (level 14, -10/101 HPs)
             Began as a Djinni Fire Elementalist on July 16, 2021.
             Was an Initiate of Gozag.
             Killed from afar by Fannar (42 damage)
             ... with a bolt of cold
             ... on level 3 of the Lair of Beasts.
             The game lasted 00:35:23 (16856 turns).

robertstho the Eclecticist (DjFE)                  Turns: 16856, Time: 00:35:24

Health: -10/101    AC:  5    Str: 17    XL:     14   Next: 72%
Gold:   1645       EV: 15    Int: 23    God:    Gozag SH:  0 Dex: 15

rFire    + + .     SeeInvis +   K - +9 mace of Ohiomir {venom, Str+4 Stlth+}
rCold    x . .     Faith    .   (no shield)
rNeg     . . .     Spirit   .   a - +0 robe
rPois    ∞         Reflect  .   r - +0 helmet
rElec    .         Harm     .   y - +0 cloak
rCorr    .         Rampage  .   M - +0 pair of gloves
Will     +....                  (boots unavailable)
Stlth    ++++......             i - amulet of regeneration
HPRegen  1.26/turn              B - ring of see invisible
MPRegen  0.00/turn              E - +6 ring of strength

@: flying
A: sickness immunity, fire resistance 2, cold vulnerability 1, float, innate
caster, hp casting, extra vitality 1, clever 1, deterioration 1, mutation
resistance 1
a: Renounce Religion, Potion Petition, Call Merchant, Bribe Branch


You were on level 3 of the Lair of Beasts.
You worshipped Gozag.
Gozag was most pleased with you.
You visited 3 branches of the dungeon, and saw 17 of its levels.
You also visited: Sewer.

You collected 3218 gold pieces.
You spent 707 gold pieces at shops.
You paid 866 gold pieces to Gozag.

Inventory:

Hand Weapons
 K - the +9 mace of Ohiomir (weapon) {venom, Str+4 Stlth+}
   (You found it on level 8 of the Dungeon)

   It poisons the flesh of those it strikes.
   Str:       It affects your strength (+4).
   Stlth:     It makes you more stealthy.
 T - the +1 war axe of Grandeur {flame, MP+9 Stlth+}
   (You found it on level 11 of the Dungeon)

   It burns those it strikes, dealing additional fire damage.
   Big, fiery blades are also staple armaments of hydra-hunters.
   MP:        It affects your magic capacity (+9).
   Stlth:     It makes you more stealthy.
 X - the +3 hand axe of Butchery {vorpal, Dex+3 SInv}
   (You bought it in a shop on level 12 of the Dungeon)

   It inflicts extra damage upon your enemies.
   Dex:       It affects your dexterity (+3).
   SInv:      It lets you see invisible.
Armour
 a - a +0 robe (worn)
 r - a +0 helmet (worn)
 y - a +0 cloak (worn)
 M - a +0 pair of gloves (worn)
 N - +0 acid dragon scales
Jewellery
 i - an amulet of regeneration (around neck)
 k - a ring of protection from fire
 B - a ring of see invisible (left hand)
 C - a ring of protection from fire
 E - a +6 ring of strength (right hand)
 I - a ring of ice
 Y - a +6 ring of dexterity
Wands
 D - a wand of digging (5)
 H - a wand of mindburst (18)
 J - a wand of paralysis (5)
 V - a wand of iceblast (13)
 W - a wand of charming (10)
Scrolls
 b - a scroll of holy word
 d - 2 scrolls of immolation
 e - 2 scrolls of fog
 f - 4 scrolls of teleportation
 l - 3 scrolls of vulnerability
 n - 3 scrolls of fear
 s - 3 scrolls of blinking
 t - 3 scrolls of enchant weapon
 w - 5 scrolls of identify
 x - 3 scrolls of magic mapping
 z - 2 scrolls of silence
 L - a scroll of torment
 U - a scroll of enchant armour
 Z - a scroll of summoning
Potions
 c - 2 potions of mutation
 o - 2 potions of attraction
 v - 7 potions of curing
 A - 5 potions of haste
 F - 3 potions of might
 G - 3 potions of brilliance
 O - a potion of invisibility
 P - 2 potions of heal wounds
 Q - 2 potions of lignification


   Skills:
 * Level 9.0 Fighting
 + Level 2.7(3.3) Short Blades
 + Level 2.9(3.4) Long Blades
 + Level 2.5 Maces & Flails
 + Level 4.2 Armour
 + Level 6.8 Dodging
 + Level 4.2 Stealth
 + Level 2.8 Shields
 * Level 15.1 Spellcasting
 + Level 4.4 Evocations


You had 8 spell levels left.
You knew the following spells:

 Your Spells              Type           Power      Damage    Failure   Level
a - Foxfire               Conj/Fire      100%       2x1d9     0%          1
b - Conjure Flame         Conj/Fire      72%        6-21      1%          3
c - Inner Flame           Hex/Fire       72%        N/A       1%          3
d - Sticky Flame          Conj/Fire      72%        2d9       1%          4
e - Fireball              Conj/Fire      36%        3d15      1%          5
f - Shock                 Conj/Air       100%       1d9       0%          1
g - Static Discharge      Conj/Air       72%        N/A       0%          2
h - Spider Form           Tmut/Pois      36%        N/A       1%          3
i - Ice Form              Ice/Tmut       72%        N/A       1%          4
j - Animate Armour        Summ/Erth      100%       N/A       1%          4
k - Lightning Bolt        Conj/Air       36%        1d54      1%          5
Your spell library was empty.

Dungeon Overview and Level Annotations

Branches:
Dungeon (13/15)            Temple (1/1) D:6            Lair (3/6) D:9
 Shoals (0/4) Lair:3          Orc (0/2) D:12         Vaults (0/5) D:13
  Sewer (visited)
  Snake: Lair:2-4    Spider: Lair:2-4

Altars:
Ashenzari
Cheibriados
Dithmenos
Elyvilon
Fedhas
Gozag
Hepliaklqana
Kikubaaqudgha
Makhleb
Nemelex Xobeh
Okawaru
Qazlal
Ru
Sif Muna
Trog
Uskayaw
Vehumet
Wu Jian
Xom
Yredelemnul
Zin
The Shining One

Shops:
D:5 !   D:10 !   D:12 *

Annotations:
D:13 Rupert
Lair:3 Fannar


Innate Abilities, Weirdness & Mutations

You are immune to sickness and miasma.
You are immune to poison.
Your flesh is very heat resistant. (rF++)
You are vulnerable to cold. (rC-)
You float through the air rather than walking.
You learn spells naturally, not from books.
Your magical power is your life essence.
You have superior vitality. (+4 HP)
Your mind is acute. (Int +2)
Your body sometimes deteriorates upon taking damage.
You are somewhat resistant to further mutation.


Message History

Fannar is lightly wounded.
Fannar shouts!
Fannar is distracted by your dazzling golden aura.
Casting: Lightning Bolt (mildly dangerous; 1% risk of failure)
Confirm with . or Enter, or press ? or * to list all spells.
Aiming: Lightning Bolt (mildly dangerous; 1% risk of failure)
Press: ? - help, Shift-Dir - straight line, f/p - Fannar
Aim: Fannar, wielding a +0 quarterstaff of freezing, wearing a +1 robe of cold resistance and wearing a ring of ice (lightly wounded, unaware, hasn't noticed you, 43% to hit)
You hear a mighty clap of thunder!
The bolt of lightning hits Fannar!
Fannar is moderately wounded.
Fannar is no longer distracted by gold.
Fannar shouts!
Casting: Lightning Bolt (mildly dangerous; 1% risk of failure)
Confirm with . or Enter, or press ? or * to list all spells.
Aiming: Lightning Bolt (mildly dangerous; 1% risk of failure)
Press: ? - help, Shift-Dir - straight line, f/p - Fannar
Aim: Fannar, wielding a +0 quarterstaff of freezing, wearing a +1 robe of cold resistance and wearing a ring of ice (moderately wounded, 43% to hit)
You hear a mighty clap of thunder!
The bolt of lightning misses Fannar.
Fannar says, "You will make a fine ice sculpture."
Casting: Lightning Bolt (mildly dangerous; 1% risk of failure)
Confirm with . or Enter, or press ? or * to list all spells.
Aiming: Lightning Bolt (mildly dangerous; 1% risk of failure)
Press: ? - help, Shift-Dir - straight line, f/p - Fannar
Aim: Fannar, wielding a +0 quarterstaff of freezing, wearing a +1 robe of cold resistance and wearing a ring of ice (moderately wounded, 43% to hit)
You hear a mighty clap of thunder!
The bolt of lightning misses Fannar.
Unknown command.
Casting: Lightning Bolt (mildly dangerous; 1% risk of failure)
Confirm with . or Enter, or press ? or * to list all spells.
Aiming: Lightning Bolt (mildly dangerous; 1% risk of failure)
Press: ? - help, Shift-Dir - straight line, f/p - Fannar
Aim: Fannar, wielding a +0 quarterstaff of freezing, wearing a +1 robe of cold resistance and wearing a ring of ice (moderately wounded, 43% to hit)
You hear a mighty clap of thunder!
The bolt of lightning misses Fannar.
Fannar casts a spell at you. The bolt of cold hits you!!!
You feel a terrible chill!
You die...
Your body crumbles into a pile of gold.

..P###...#..##
#.####.....###..##..#...
........................
......#.................
..##.#..................
...................$....
P...P...................
........................
###.............@.......
###.....................
.......................<
..#.#...................
................e.......
..#....#.P#...##...#.#..
........................
.........##....P.P#.###.
..................... ..


You could see Fannar.

Vanquished Creatures
  Snorg (D:11)
  6 hydras
  5 boulder beetles
  An ogre mage (D:13)
  3 two-headed ogres
  An ugly thing (D:9)
  2 cyclopes
  2 manticores
  6 elephants
  3 black mambas
  2 cane toads
  Maggie (Lair:2)
  3 komodo dragons
  2 unseen horrors
  2 kobold demonologists (D:11)
  7 rime drakes (Lair:3)
  A tengu conjurer (D:10)
  5 trolls
  2 polar bears
  4 slime creatures (D:12)
  A wind drake (Lair:3)
  4 blink frogs
  Sigmund (D:6)
  3 shadows
  A redback (shapeshifter) (D:12)
  4 humans
  A wraith (D:11)
  47 yaks
  A vampire (D:11)
  8 wyverns
  5 basilisks
  Eustachio (D:6)
  3 steam dragons (Lair:3)
  11 vampire mosquitoes
  Menkaure (D:6)
  2 acid dragons
  13 water moccasins
  Duvessa (D:4)
  3 orc warriors
  A hornet zombie (D:6)
  3 black bears
  An ice beast (D:6)
  2 sky beasts
  Purgy (D:4)
  3 swamp drakes (Lair:1)
  3 boggarts (D:12)
  2 necrophages (D:6)
  An ogre (D:5)
  4 wolves
  2 centaurs
  A phantom (D:6)
  2 kobold brigands (D:10)
  3 scorpions
  Blork the orc (D:6)
  13 bullfrogs
  A gnoll sergeant (D:7)
  A water moccasin zombie (D:7)
  3 wyvern skeletons
  Dowan (D:4)
  6 killer bees (D:10)
  2 wights (D:8)
  5 howler monkeys
  8 centaur zombies
  2 bullfrog zombies (D:5)
  3 hounds
  8 orc priests
  Crazy Yiuf (D:4)
  A gnoll shaman (D:10)
  2 jellies (D:7)
  2 bullfrog skeletons
  4 iguanas
  A hell rat (Lair:2)
  7 orc wizards
  A killer bee zombie (D:6)
  2 hound zombies (D:5)
  A hound skeleton (D:4)
  Robin (D:4)
  12 gnolls
  10 adders
  A shadow imp (D:6)
  A white imp (D:6)
  An ufetubus (D:5)
  5 worms
  5 dart slugs
  29 orcs
  5 endoplasms
  8 giant cockroaches
  16 goblins
  13 hobgoblins
  19 jackals
  4 quokkas
  7 ball pythons
  4 bats
  5 frilled lizards (D:1)
  18 kobolds
  9 rats
448 creatures vanquished.

Vanquished Creatures (collateral kills)
  5 foxfires
5 creatures vanquished.

Vanquished Creatures (others)
  1161 foxfires
  16 fungi
  32 plants
1209 creatures vanquished.

Grand Total: 1662 creatures vanquished

Notes
Turn   | Place    | Note
-------+----------+-------------------------------------------
     0 | D:1      | robertstho the Djinni Fire Elementalist began the quest for
                  | the Orb.
     0 | D:1      | Reached XP level 1. HP: 15/15 MP: 0/0
   617 | D:1      | Reached XP level 2. HP: 18/22 MP: 0/0
  1319 | D:1      | Reached XP level 3. HP: 22/26 MP: 0/0
  1319 | D:1      | Learned a level 1 spell: Shock
  1323 | D:1      | Reached skill level 3 in Spellcasting
  2452 | D:1      | Reached skill level 1 in Fighting
  2452 | D:1      | Reached XP level 4. HP: 26/32 MP: 0/0
  3079 | D:2      | Reached XP level 5. HP: 37/37 MP: 0/0
  3079 | D:2      | Learned a level 2 spell: Static Discharge
  3255 | D:2      | Found a glowing golden altar of the Shining One.
  3498 | D:3      | Reached skill level 4 in Spellcasting
  3665 | D:3      | Found a faded altar of an unknown god.
  3740 | D:3      | Found a hazy altar of Hepliaklqana.
  3887 | D:3      | Found a snail-covered altar of Cheibriados.
  3926 | D:3      | Found a basalt altar of Yredelemnul.
  4070 | D:4      | Reached XP level 6. HP: 33/42 MP: 0/0
  4106 | D:4      | Found a runed translucent door.
  4107 | D:4      | Noticed Crazy Yiuf
  4207 | D:4      | Found an ornate altar of the Wu Jian Council.
  4264 | D:4      | Noticed Robin
  4286 | D:4      | Killed Robin
  4597 | D:4      | Found a glowing drain.
  4618 | Sewer    | Entered a sewer
  4675 | Sewer    | Noticed a water moccasin
  4680 | Sewer    | Killed a water moccasin
  4681 | Sewer    | Reached skill level 5 in Spellcasting
  4681 | Sewer    | Reached XP level 7. HP: 49/49 MP: 0/0
  4681 | Sewer    | Learned a level 3 spell: Spider Form
  4846 | D:4      | Noticed Dowan
  4851 | D:4      | Noticed Duvessa
  4855 | D:4      | Killed Dowan
  4862 | D:4      | Gained mutation: Your mind is acute. (Int +2) [potion of
                  | mutation]
  4862 | D:4      | Gained mutation: Your body sometimes deteriorates upon
                  | taking damage. [potion of mutation]
  4862 | D:4      | Gained mutation: You are somewhat resistant to further
                  | mutation. [potion of mutation]
  4868 | D:4      | HP: 2/49 [Duvessa (6)]
  4869 | D:4      | Killed Duvessa
  4959 | D:4      | Found a blossoming altar of Fedhas.
  5099 | D:4      | Noticed Purgy
  5110 | D:4      | Killed Purgy
  5111 | D:4      | Reached skill level 6 in Spellcasting
  5111 | D:4      | Reached XP level 8. HP: 45/55 MP: 0/0
  5341 | D:4      | Killed Crazy Yiuf
  5409 | D:5      | Entered Level 5 of the Dungeon
  5752 | D:5      | Found Jishruc's Distillery.
  5934 | D:5      | Reached skill level 7 in Spellcasting
  6219 | D:5      | Bought a potion of might for 52 gold pieces
  6219 | D:5      | Bought a potion of degeneration for 13 gold pieces
  6219 | D:5      | Bought a potion of brilliance for 52 gold pieces
  6219 | D:5      | Bought a potion of flight for 39 gold pieces
  6219 | D:5      | Bought a potion of curing for 39 gold pieces
  6300 | D:6      | Reached skill level 5 in Fighting
  6300 | D:6      | Reached skill level 8 in Spellcasting
  6300 | D:6      | Reached XP level 9. HP: 65/65 MP: 0/0
  6300 | D:6      | Learned a level 4 spell: Ice Form
  6353 | D:6      | Found a stormy altar of Qazlal.
  6397 | D:6      | Found a large runed translucent door.
  6398 | D:6      | Found a large runed translucent door.
  6458 | D:6      | Found a white marble altar of Elyvilon.
  6534 | D:6      | Noticed Menkaure
  6538 | D:6      | Killed Menkaure
  6539 | D:6      | Reached XP level 10. HP: 71/71 MP: 0/0
  6624 | D:6      | Noticed Eustachio
  6634 | D:6      | Killed Eustachio
  6636 | D:6      | Noticed Blork the orc
  6639 | D:6      | Noticed Sigmund
  6642 | D:6      | Killed Blork the orc
  6646 | D:6      | Killed Sigmund
  6773 | D:6      | Found a shadowy altar of Dithmenos.
  6875 | D:6      | Found a staircase to the Ecumenical Temple.
  6953 | D:6      | Found a hide-covered altar of Uskayaw.
  7125 | D:7      | Reached skill level 9 in Spellcasting
  8339 | D:8      | Identified the +9 mace of Ohiomir {venom, Str+4 Stlth+}
  8691 | D:9      | Reached XP level 11. HP: 76/76 MP: 0/0
  8691 | D:9      | Learned a level 4 spell: Animate Armour
  8792 | D:9      | Found a staircase to the Lair.
  8927 | D:9      | Reached skill level 10 in Spellcasting
  9063 | D:9      | Noticed a green ugly thing
  9068 | D:9      | Killed a green ugly thing
  9643 | Temple   | Entered the Ecumenical Temple
  9880 | Temple   | Became a worshipper of Gozag Ym Sagoz the Greedy
 10017 | D:10     | Entered Level 10 of the Dungeon
 10050 | D:10     | Noticed a two-headed ogre
 10053 | D:10     | Killed a two-headed ogre
 10287 | D:10     | Reached skill level 11 in Spellcasting
 10443 | D:10     | Found Cougisac's Distillery.
 10452 | D:10     | Bought a potion of invisibility for 120 gold pieces
 10452 | D:10     | Bought a potion of heal wounds for 75 gold pieces
 10452 | D:10     | Bought a potion of lignification for 45 gold pieces
 10529 | D:10     | Noticed a two-headed ogre
 10533 | D:10     | Killed a two-headed ogre
 10534 | D:10     | Reached XP level 12. HP: 72/84 MP: 0/0
 10862 | D:10     | Reached skill level 1 in Maces & Flails
 11033 | D:10     | Found a bloodstained altar of Trog.
 11880 | D:11     | Found a gate leading to a gauntlet.
 11987 | D:11     | Identified the +1 war axe of Grandeur {flame, MP+9 Stlth+}
 12127 | D:11     | Noticed a four-headed hydra
 12132 | D:11     | Killed a four-headed hydra
 12133 | D:11     | Reached skill level 12 in Spellcasting
 12181 | D:11     | Noticed Snorg
 12189 | D:11     | Killed Snorg
 12396 | D:11     | Noticed a two-headed ogre
 12400 | D:11     | Killed a two-headed ogre
 12696 | D:12     | Noticed a boulder beetle
 12758 | D:12     | Reached XP level 13. HP: 57/92 MP: 0/0
 12758 | D:12     | Learned a level 5 spell: Lightning Bolt
 12991 | D:12     | Noticed a boulder beetle
 13030 | D:12     | Killed a boulder beetle
 13116 | D:12     | Found a staircase to the Orcish Mines.
 13203 | D:12     | Killed a boulder beetle
 13473 | D:12     | Identified the +8 chain mail of Midnight {rPois rF+}
 13537 | D:12     | Reached skill level 13 in Spellcasting
 13539 | D:12     | Noticed a boulder beetle
 13549 | D:12     | Killed a boulder beetle
 13686 | D:12     | Bought a crude hand axe for 272 gold pieces
 13686 | D:12     | Identified the +3 hand axe of Butchery {vorpal, Dex+3 SInv}
                  | (You bought it in a shop on level 12 of the Dungeon)
 13720 | D:13     | Noticed a centaur warrior
 13720 | D:13     | Noticed an ogre mage
 13720 | D:13     | Noticed Rupert
 13720 | D:13     | Found a gate to the Vaults.
 13822 | D:13     | Noticed a boulder beetle
 13841 | D:13     | Killed an ogre mage
 14070 | Lair:1   | Entered Level 1 of the Lair of Beasts
 14431 | Lair:1   | Found a white marble altar of Elyvilon.
 14865 | Lair:2   | Noticed a six-headed hydra
 14868 | Lair:2   | Killed a six-headed hydra
 15130 | Lair:2   | Noticed a six-headed hydra
 15135 | Lair:2   | Killed a six-headed hydra
 15222 | Lair:2   | Noticed a four-headed hydra
 15226 | Lair:2   | Killed a four-headed hydra
 15227 | Lair:2   | Reached skill level 14 in Spellcasting
 15227 | Lair:2   | Reached XP level 14. HP: 87/99 MP: 0/0
 15562 | Lair:2   | Noticed Maggie
 15565 | Lair:2   | Killed Maggie
 15910 | Lair:2   | Identified the +6 flail of the Muttering Saviour {vorpal,
                  | *Rage rN+ Str+3}
 16348 | Lair:3   | Found a staircase to the Shoals.
 16527 | Lair:3   | Reached skill level 15 in Spellcasting
 16589 | Lair:3   | Found the +6 shillelagh "Devastator" {shatter}
 16851 | Lair:3   | Noticed Fannar
 16856 | Lair:3   | Killed from afar by Fannar

Illustrated notes

Levels and vault maps discovered:
D:1:      dpeg_arrival_prison, layout_loops_corners, minmay_quantized
D:2:      layout_loops_cross, basic_altar, corexii_item_surrounded_by_moat
D:3:      layout_basic, lemuel_crystal_altar,
          mainiacjoe_overflow_catch_the_wave, dreamdust_ecumenical_altar_statues
D:4:      layout_loops_cross, fedhas_altar_fruit_tree,
          pdpol_wu_jian_five_deadly_venoms, cheibrodos_sewer_entry_bend,
          uniq_duvessa, uniq_purgy, uniq_robin, uniq_crazy_yiuf_cottage
D:5:      layout_loops_cross, nicolae_inconvenience_store
D:6:      layout_cave_pools, grunt_qazlal_clouds, grunt_dithmenos_shadows,
          mainiacjoe_overflow_divided_tiny, jmf_multi_god_temple2,
          minmay_temple_entry_poolview, uniq_eustachio, uniq_menkaure,
          uniq_blork_the_orc, uniq_sigmund
D:7:      layout_layer_cave, hangedman_decor_opposing
D:8:      layout_rooms, minmay_fractal_squares_diagonal_5
D:9:      layout_basic, minmay_lair_entry_grove
D:10:     minmay_bubble_buster, layout_basic, tgw_trog, serial_shops, shop
D:11:     layout_gridville, gauntlet_entry_generic, serial_bayou_pond_d,
          minmay_misc_feat_rugged, amcnicky_mini_rare_corridor_liquid,
          uniq_snorg
D:12:     layout_irregular_city, orc_0_dummy
D:13:     layout_rooms, david_vaults_3, minmay_statues_item
Temple:   dpeg_chambers_temple
Lair:1:   layout_regular_city, basic_altar, pond
Lair:2:   nzn_winding_woodlands_stair_cross [nzn_winding_woodlands_5x15_parted,
          nzn_winding_woodlands_center_garden,
          nzn_winding_woodlands_5x15_pathside_ponds,
          nzn_winding_woodlands_hourglass, nzn_winding_woodlands_5x5_three,
          nzn_winding_woodlands_5x15_jagged, nzn_winding_woodlands_center_lodge,
          nzn_winding_woodlands_5x15_crooked], layout_cellular_growth,
          uniq_maggie
Lair:3:   layout_long_grid, minmay_shoals_entry_beasts,
          bobbens_dragon_lair_wall, minmay_lair_oklob_chamber, uniq_fannar

Skill      XL: |  1  2  3  4  5  6  7  8  9 10 11 12 13 14 |
---------------+-------------------------------------------+-----
Spellcasting   | 3 4 5 6 8 9 11 12 14 15 | 15.1
Fighting       | 1 2 5 6 7 8 9 |  9.0
Dodging        | 3 6 |  6.8
Stealth        | 2 3 4 |  4.2
Short Blades   | 2 |  2.7
Long Blades    | 2 |  2.9
Armour         | 4 |  4.2
Shields        | 2 |  2.8
Evocations     | 4 |  4.4
Maces & Flails | 2 |  2.5

Action                   |  1- 3 |  4- 6 |  7- 9 | 10-12 | 13-15 || total
-------------------------+-------+-------+-------+-------+-------++-------
Melee: Dagger            |       |    12 |     9 |       |       ||    21
       Mace              |       |       |       |    20 |     5 ||    25
 Cast: Foxfire           |    98 |   204 |   134 |   313 |       ||   749
       Sticky Flame      |       |     4 |    16 |    33 |    23 ||    76
       Fireball          |       |       |       |   130 |   231 ||   361
       Lightning Bolt    |       |       |       |       |     6 ||     6
Invok: Call Merchant     |       |       |       |       |     1 ||     1
       Potion Petition   |       |       |       |       |     1 ||     1
Evoke: Wand              |       |       |       |       |     5 ||     5
  Use: Scroll            |       |     1 |     9 |     6 |     6 ||    22
       Potion            |       |       |     3 |       |     2 ||     5
Armor: Robe              |     6 |     5 |     6 |    24 |     9 ||    50
Dodge: Dodged            |    17 |    35 |    35 |   109 |    27 ||   223

Table legend: (Time is in decaauts)
 A = Elapsed time spent in this place.
 B = Non-inter-level travel time spent in this place.
 C = Inter-level travel time spent in this place.
 D = Time resting spent in this place.
 E = Time spent auto-exploring this place.
 F = Levels seen in this place.
 G = Mean time per level.
                   A        B        C        D        E       F      G
               +--------+--------+--------+--------+--------+-----+--------+
         Total |  16854 |  15700 |   1154 |    412 |  12715 |  18 |  936.3 |
       Dungeon |  13689 |  12647 |   1042 |    278 |  10241 |  13 | 1053.0 |
        Temple |    264 |    212 |     52 |      0 |    211 |   1 |  264.0 |
          Lair |   2790 |   2731 |     59 |    134 |   2197 |   3 |  930.0 |
         Sewer |    109 |    109 |      0 |      0 |     66 |   1 |  109.0 |
               +--------+--------+--------+--------+--------+-----+--------+

Top non-repeatable levels by time:
     D:1: 2798 daAuts
    D:10: 1718 daAuts
  Lair:2: 1447 daAuts
     D:4: 1218 daAuts
    D:12: 1180 daAuts
     D:7: 1166 daAuts
    D:11: 1099 daAuts
     D:9: 942 daAuts
     D:5: 881 daAuts
     D:6: 837 daAuts
  Lair:1: 794 daAuts
     D:2: 692 daAuts
     D:3: 569 daAuts
  Lair:3: 548 daAuts
     D:8: 537 daAuts
